 Dungeon Crawl Stone Soup version 0.30-a0-782-ge64f9170bb (webtiles) character file.

Game seed: 5565889106239661043

46 DavidChitty2 the Trooper (level 3, -1/33 HPs)
             Began as a Hill Orc Fighter on Feb 23, 2023.
             Killed from afar by Sigmund (3 damage)
             ... with a magic dart
             ... on level 2 of the Dungeon.
             The game lasted 00:01:15 (957 turns).

DavidChitty2 the Trooper (Hill Orc Fighter)          Turns: 957, Time: 00:01:15

Health: -1/33      AC:  6    Str: 20    XL:     3   Next: 68%
Magic:  3/3        EV:  9    Int:  8    God:
Gold:   56         SH:  4    Dex: 10    Spells: 2/2 levels left

rFire   . . .      SeeInvis .    a - +0 war axe
rCold   . . .      Faith    .    c - +0 buckler
rNeg    . . .      Spirit   .    b - +0 scale mail
rPois   .          Reflect  .    (no helmet)
rElec   .          Harm     .    (no cloak)
rCorr   .          Rampage  .    (no gloves)
Will    .....                    (no boots) Stlth
                                 k - amulet of the acrobat
HPRegen 0.25/turn                (no ring)
MPRegen 0.08/turn                (no ring)

@: no status effects
A: no striking features
a: no special abilities


You were on level 2 of the Dungeon.
You visited 1 branch of the dungeon, and saw 2 of its levels.

You collected 56 gold pieces.

Inventory:

Hand Weapons
 a - a +0 war axe (weapon)
Armour
 b - a +0 scale mail (worn)
 c - a +0 buckler (worn)
Jewellery
 k - an amulet of the acrobat (around neck)
   (You found it on level 1 of the Dungeon)
Scrolls
 e - a scroll of teleportation {unknown}
 f - a scroll of identify {unknown}
 g - a scroll of noise {unknown}
 h - a scroll of immolation {!r}
 i - a scroll of blinking {unknown}
Potions
 d - a potion of might
 j - a potion of attraction {unknown}


   Skills:
 + Level 4.0 Fighting
 * Level 3.9 Axes
 + Level 3.6 Armour
 + Level 3.7 Shields


You had 2 spell levels left.
You didn't know any spells.
Your spell library was empty.

Dungeon Overview and Level Annotations

Branches:
Dungeon (2/15)

Altars:

Annotations:
D:2 Sigmund


Message History

You kill the frilled lizard!
No target in view!
No target in view!
No target in view!
No target in view!
No target in view!
No target in view!
No target in view!
A quokka comes into view.
Found 4 poisoned darts.
A quokka is nearby!
A quokka is nearby!
Sigmund the Dreaded comes into view.
He is wielding a +0 scythe.
Sigmund shouts!
You block the quokka's attack.
You miss the quokka. The quokka bites you.
Sigmund points at you and mumbles some strange words.
The puff of flame hits you! You block the quokka's attack.
Sigmund barely misses you. The quokka barely misses you.
The quokka completely misses you.
Sigmund mumbles some strange words.
Sigmund flickers and vanishes!
Deactivating autopickup; reactivate with Ctrl-A.
The quokka misses you. You block something's attack.
You slash the quokka!
You kill the quokka!
You hit something. Something hits you!
* * * LOW HITPOINT WARNING * * *
You miss something.
Unknown command.
You barely miss something. Something hits you but does no damage.
You slash something!
You hear some strange, mumbled words.
A magic dart appears from out of thin air!
The magic dart hits you!
* * * LOW HITPOINT WARNING * * *
Something hits you.
* * * LOW HITPOINT WARNING * * *
You hit something. Something hits you.
* * * LOW HITPOINT WARNING * * *
You barely miss something.
Unknown command.
You miss something.
You hear some strange, mumbled words.
A magic dart appears from out of thin air!
The magic dart hits you.
You die...

#.#.##.....>...## ..
#.#.##..........#...
#####.........#.....#...
#.............#.......[.
#.............#..........
#.............##.........
#.............##........
#.......?.....##......##
#.......@..#+###......#
#....)..{..#...'......#
#..........#####......#
#........(.# #..)...#
#..........# #.######
################.#
#......# #.######
#.#######


There were no monsters in sight!

Vanquished Creatures
  4 endoplasms (D:1)
  3 giant cockroaches (D:1)
  6 goblins
  5 hobgoblins (D:1)
  3 jackals (D:1)
  3 kobolds
  5 quokkas
  4 ball pythons (D:1)
  A bat (D:1)
  4 frilled lizards
  3 rats
41 creatures vanquished.

Notes
Turn   | Place    | Note
-------+----------+-------------------------------------------
     0 | D:1      | DavidChitty2 the Hill Orc Fighter began the quest for the
                  | Orb.
     0 | D:1      | Reached XP level 1. HP: 19/19 MP: 1/1
   113 | D:1      | Reached XP level 2. HP: 20/27 MP: 2/2
   388 | D:1      | Reached XP level 3. HP: 33/33 MP: 3/3
   455 | D:1      | Reached skill level 4 in Fighting
   483 | D:1      | Found a faded altar of an unknown god.
   944 | D:2      | Noticed Sigmund
   955 | D:2      | HP: 1/33 [something (2)]
   957 | D:2      | Killed from afar by Sigmund

Illustrated notes

Levels and vault maps discovered:
D:1:      dpeg_arrival_short_road, layout_loops_cross,
          hellmonk_ecumenical_altar_blasted, minmay_misc_feat_room
D:2:      minmay_angry_zag, layout_basic, basic_altar, uniq_sigmund

Skill      XL: |  1  2  3 |
---------------+----------+-----
Axes           | 3 |  3.9
Fighting       | 4 |  4.0
Armour         | |  3.6
Shields        | |  3.7

Action                     || total
---------------------------++-------
  Melee: War axe           ||   106
 Armour: Scale mail        ||    37
  Dodge: Dodged            ||    50
  Block: Buckler           ||    27

Table legend: (Time is in decaauts)
 A = Elapsed time spent in this place.
 B = Non-inter-level travel time spent in this place.
 C = Inter-level travel time spent in this place.
 D = Time resting spent in this place.
 E = Time spent auto-exploring this place.
 F = Levels seen in this place.
 G = Mean time per level.
                   A        B        C        D        E       F      G
               +--------+--------+--------+--------+--------+-----+--------+
         Total |    994 |    974 |     20 |      0 |    701 |   2 |  497.0 |
       Dungeon |    994 |    974 |     20 |      0 |    701 |   2 |  497.0 |
               +--------+--------+--------+--------+--------+-----+--------+

Top non-repeatable levels by time:
     D:1: 816 daAuts
     D:2: 178 daAuts
